2812 views
Uploaded 2020-01-21 21:21:40
Game version 1.32.0.6
16:12 long 4on4 ladder game on (8)Battleground_LV
Saved by BEARAND
2812 views
Uploaded 2020-01-21 21:21:40
Game version 1.32.0.6
16:12 long 4on4 ladder game on (8)Battleground_LV


91 units @ 9.9k
/ 0.8k
48 buildings @ 5.4k
/ 2.1k


| Scroll of Regeneration | 7 | 700 |
| Lesser Clarity Potion | 6 | 420 |
| Potion of Healing | 2 | 300 |
| Potion of Mana | 3 | 600 |
| Orb of Fire | 1 | 325 |
| Staff of Sanctuary | 1 | 250 |
| Scroll of Town Portal | 3 | 1050 |
| total: | 23 | 3645g |
| Peasant | 22 | 1650 | / | 0 |
| Footman | 7 | 945 | / | 0 |
| Rifleman | 2 | 410 | / | 60 |
| Knight | 1 | 245 | / | 60 |
| Gryphon Rider | 2 | 560 | / | 140 |
| Forest Troll Berserker | 1 | 245 | / | 30 |
| total: | 35 | 4055g | / | 290w |
| Scout Tower | 8 | 240 | / | 160 |
| Guard Tower | 3 | 210 | / | 150 |
| Arcane Tower | 3 | 210 | / | 150 |
| Altar of Kings | 1 | 180 | / | 50 |
| Barracks | 2 | 320 | / | 120 |
| Farm | 7 | 560 | / | 140 |
| Lumber Mill | 1 | 120 | / | 0 |
| Arcane Vault | 1 | 130 | / | 30 |
| Town Hall | 1 | 385 | / | 205 |
| Blacksmith | 1 | 140 | / | 60 |
| Gryphon Aviary | 2 | 280 | / | 300 |
| Keep | 1 | 320 | / | 210 |
| Castle | 1 | 360 | / | 210 |
| total: | 24 | 2355g | / | 1065w |
| 0:24 | Altar of Kings |
| 0:33 | Barracks |
| 0:39 | Farm |
| 0:47 | Peasant |
| 1:04 | Peasant |
| 1:22 | Peasant |
| 1:28 | Farm |
| 1:36 | Lumber Mill |
| 1:51 | Footman |
| 2:08 | Farm |
| 2:10 | Peasant |
| 2:21 | Footman |
| 2:30 | Storm Bolt |
| 2:37 | Scout Tower |
| 2:40 | Peasant |
| 2:40 | Peasant |
| 2:44 | Scout Tower |
| 2:57 | Footman |
| 3:05 | Peasant |
| 3:30 | Peasant |
| 3:30 | Peasant |
| 3:30 | Peasant |
| 3:30 | Peasant |
| 4:00 | Farm |
| 4:03 | Guard Tower |
| 4:04 | Peasant |
| 4:04 | Peasant |
| 4:04 | Peasant |
| 4:21 | Bash |
| 4:45 | Peasant |
| 4:45 | Peasant |
| 4:45 | Peasant |
| 4:51 | Footman |
| 4:56 | Arcane Vault |
| 5:13 | Footman |
| 5:37 | Town Hall |
| 6:02 | Scroll of Regeneration |
| 6:05 | Scroll of Regeneration |
| 6:08 | Defend |
| 6:28 | Farm |
| 7:11 | Footman |
| 7:13 | Lesser Clarity Potion |
| 7:36 | Scroll of Regeneration |
| 7:36 | Lesser Clarity Potion |
| 7:45 | Keep |
| 7:49 | Barracks |
| 7:52 | Peasant |
| 8:02 | Blacksmith |
| 8:09 | Footman |
| 8:14 | Peasant |
| 8:18 | Scout Tower |
| 8:20 | Scout Tower |
| 8:21 | Scout Tower |
| 8:22 | Scout Tower |
| 8:24 | Scout Tower |
| 9:16 | Rifleman |
| 9:25 | Peasant |
| 9:25 | Peasant |
| 9:25 | Peasant |
| 9:28 | Guard Tower |
| 9:30 | Scroll of Regeneration |
| 9:30 | Lesser Clarity Potion |
| 9:36 | Rifleman |
| 9:38 | Farm |
| 9:44 | Scout Tower |
| 10:06 | Farm |
| 10:24 | Storm Bolt |
| 10:30 | Forest Troll Berserker |
| 10:45 | Lesser Clarity Potion |
| 10:47 | Scroll of Regeneration |
| 10:50 | Scroll of Town Portal |
| 10:50 | Potion of Healing |
| 10:51 | Potion of Mana |
| 11:03 | Castle |
| 11:09 | Long Rifles |
| 11:32 | Arcane Tower |
| 11:36 | Arcane Tower |
| 11:38 | Arcane Tower |
| 11:43 | Guard Tower |
| 13:25 | Orb of Fire |
| 13:26 | Staff of Sanctuary |
| 13:26 | Scroll of Town Portal |
| 13:27 | Potion of Healing |
| 13:27 | Scroll of Regeneration |
| 13:30 | Holy Light |
| 13:42 | Bash |
| 14:20 | Gryphon Aviary |
| 14:22 | Gryphon Aviary |
| 14:25 | Scroll of Regeneration |
| 14:28 | Scroll of Town Portal |
| 14:35 | Lesser Clarity Potion |
| 14:38 | Lesser Clarity Potion |
| 14:43 | Animal War Training |
| 14:43 | Knight |
| 15:13 | Potion of Mana |
| 15:29 | Potion of Mana |
| 15:46 | Gryphon Rider |
| 15:47 | Storm Hammers |
| 16:11 | Gryphon Rider |
| Select | 304 |
| Right click | 269 |
| Select group | 184 |
| Build/train/purchase | 107 |
| Misc. action | 84 |
| Use ability | 50 |
| Assign group | 39 |
| Chat | 14 |
| Item give/drop | 1 |
| Acolyte | 25 | 1875 | / | 0 |
| total: | 25 | 1875g | / | 0w |
| Halls of the Dead | 1 | 320 | / | 210 |
| total: | 0 | 0g | / | 0w |
| 0:42 | Acolyte |
| 0:43 | Acolyte |
| 0:45 | Acolyte |
| 0:46 | Acolyte |
| 0:47 | Acolyte |
| 0:48 | Acolyte |
| 4:16 | Acolyte |
| 4:16 | Acolyte |
| 4:16 | Acolyte |
| 4:16 | Acolyte |
| 4:16 | Acolyte |
| 4:16 | Acolyte |
| 4:17 | Acolyte |
| 4:17 | Acolyte |
| 6:43 | Halls of the Dead |
| 10:41 | Acolyte |
| 10:41 | Acolyte |
| 10:42 | Acolyte |
| 10:42 | Acolyte |
| 10:42 | Acolyte |
| 10:42 | Acolyte |
| 10:42 | Acolyte |
| 10:42 | Acolyte |
| 11:30 | Acolyte |
| 11:30 | Acolyte |
| 11:31 | Acolyte |
| Select | 50 |
| Right click | 35 |
| Build/train/purchase | 27 |
| Misc. action | 2 |
| Use ability | 1 |

| Peasant | 8 | 600 | / | 0 |
| Rifleman | 4 | 820 | / | 120 |
| total: | 12 | 1420g | / | 120w |
| Scout Tower | 1 | 30 | / | 20 |
| Arcane Tower | 1 | 70 | / | 50 |
| Blacksmith | 1 | 140 | / | 60 |
| Altar of Kings | 1 | 180 | / | 50 |
| Farm | 5 | 400 | / | 100 |
| Barracks | 1 | 160 | / | 60 |
| Arcane Vault | 1 | 130 | / | 30 |
| Keep | 1 | 320 | / | 210 |
| total: | 10 | 1040g | / | 320w |
| 0:22 | Peasant |
| 0:30 | Blacksmith |
| 0:39 | Altar of Kings |
| 0:42 | Farm |
| 0:45 | Peasant |
| 1:00 | Peasant |
| 1:16 | Peasant |
| 1:30 | Peasant |
| 1:48 | Peasant |
| 2:02 | Barracks |
| 2:12 | Arcane Vault |
| 2:15 | Farm |
| 2:17 | Peasant |
| 2:25 | Peasant |
| 2:44 | Summon Water Elemental |
| 2:57 | Farm |
| 3:10 | Rifleman |
| 3:45 | Rifleman |
| 4:03 | Rifleman |
| 4:06 | Farm |
| 4:43 | Scout Tower |
| 4:54 | Farm |
| 4:57 | Keep |
| 4:59 | Rifleman |
| 5:42 | Arcane Tower |
| Right click | 123 |
| Select | 106 |
| Build/train/purchase | 16 |
| Use ability | 1 |
| Esc | 1 |

| Healing Salve | 2 | 200 |
| Lesser Clarity Potion | 2 | 140 |
| Dust of Appearance | 1 | 75 |
| Circlet of Nobility | 1 | 175 |
| total: | 6 | 590g |
| Peon | 9 | 675 | / | 0 |
| Wind Rider | 1 | 265 | / | 40 |
| Troll Batrider | 6 | 960 | / | 240 |
| Rifleman | 3 | 615 | / | 90 |
| total: | 19 | 2515g | / | 370w |
| Altar of Storms | 1 | 180 | / | 50 |
| Orc Burrow | 5 | 800 | / | 200 |
| Voodoo Lounge | 1 | 130 | / | 30 |
| War Mill | 1 | 205 | / | 0 |
| Beastiary | 2 | 290 | / | 280 |
| Stronghold | 2 | 630 | / | 380 |
| Fortress | 2 | 650 | / | 380 |
| Barracks | 1 | 160 | / | 60 |
| Farm | 3 | 240 | / | 60 |
| total: | 14 | 2005g | / | 680w |
| 0:23 | Peon |
| 0:29 | Altar of Storms |
| 0:31 | Peon |
| 0:39 | Orc Burrow |
| 0:42 | Peon |
| 0:56 | Peon |
| 1:09 | Peon |
| 1:27 | Voodoo Lounge |
| 1:29 | Peon |
| 1:48 | Peon |
| 2:10 | Peon |
| 2:26 | Stronghold |
| 2:30 | Healing Salve |
| 2:30 | Lesser Clarity Potion |
| 2:31 | Healing Salve |
| 2:38 | Wind Walk |
| 2:50 | War Mill |
| 3:02 | Circlet of Nobility |
| 3:04 | Dust of Appearance |
| 3:13 | Orc Burrow |
| 4:03 | Orc Burrow |
| 4:34 | Steel Ranged Weapons |
| 4:56 | Peon |
| 4:58 | Beastiary |
| 5:40 | Fortress |
| 5:43 | Beastiary |
| 5:51 | Orc Burrow |
| 6:05 | Barracks |
| 6:08 | Farm |
| 6:09 | Farm |
| 6:12 | Rifleman |
| 6:12 | Rifleman |
| 6:43 | Lesser Clarity Potion |
| 6:50 | Wind Rider |
| 6:56 | Farm |
| 7:25 | Troll Batrider |
| 7:27 | Thorium Ranged Weapons |
| 7:45 | Orc Burrow |
| 8:07 | Troll Batrider |
| 8:07 | Liquid Fire |
| 8:37 | Troll Batrider |
| 9:13 | Troll Batrider |
| 9:36 | Troll Batrider |
| 10:22 | Critical Strike |
| 10:39 | Troll Batrider |
| 10:48 | Arcanite Ranged Weapons |
| 11:01 | Rifleman |
| Select group | 490 |
| Right click | 353 |
| Select | 97 |
| Misc. action | 83 |
| Build/train/purchase | 52 |
| Assign group | 12 |
| Use ability | 5 |
| Item give/drop | 1 |
68 units @ 5.2k
/ 0.1k
136 buildings @ 13k
/ 6.8k



| Staff of Sanctuary | 1 | 250 |
| Orb of Fire | 1 | 325 |
| Boots of Speed | 2 | 500 |
| Staff of Teleportation | 2 | 300 |
| Periapt of Vitality | 1 | 325 |
| Healing Salve | 2 | 200 |
| total: | 9 | 1900g |
| Peasant | 15 | 1125 | / | 0 |
| Priest | 1 | 135 | / | 10 |
| total: | 16 | 1260g | / | 10w |
| Scout Tower | 54 | 1620 | / | 1080 |
| Arcane Tower | 7 | 490 | / | 350 |
| Guard Tower | 33 | 2310 | / | 1650 |
| Altar of Kings | 1 | 180 | / | 50 |
| Farm | 4 | 320 | / | 80 |
| Lumber Mill | 1 | 120 | / | 0 |
| Town Hall | 1 | 385 | / | 205 |
| Arcane Vault | 3 | 390 | / | 90 |
| Arcane Sanctum | 2 | 300 | / | 280 |
| Keep | 1 | 320 | / | 210 |
| Castle | 1 | 360 | / | 210 |
| total: | 66 | 3315g | / | 1785w |
| 0:23 | Peasant |
| 0:23 | Peasant |
| 0:34 | Altar of Kings |
| 0:43 | Farm |
| 0:45 | Peasant |
| 0:45 | Peasant |
| 0:48 | Scout Tower |
| 0:58 | Peasant |
| 1:16 | Farm |
| 1:26 | Lumber Mill |
| 1:35 | Peasant |
| 1:49 | Scout Tower |
| 1:49 | Peasant |
| 2:05 | Arcane Tower |
| 2:08 | Scout Tower |
| 2:08 | Peasant |
| 2:08 | Peasant |
| 2:33 | Scout Tower |
| 2:33 | Guard Tower |
| 2:35 | Blizzard |
| 2:38 | Scout Tower |
| 2:38 | Scout Tower |
| 2:39 | Scout Tower |
| 2:39 | Scout Tower |
| 2:43 | Peasant |
| 2:44 | Peasant |
| 3:03 | Guard Tower |
| 3:04 | Scout Tower |
| 3:05 | Scout Tower |
| 3:05 | Scout Tower |
| 3:06 | Improved Masonry |
| 3:18 | Arcane Tower |
| 3:35 | Guard Tower |
| 4:01 | Guard Tower |
| 4:03 | Keep |
| 4:05 | Scout Tower |
| 4:13 | Guard Tower |
| 4:25 | Scout Tower |
| 4:25 | Scout Tower |
| 4:26 | Scout Tower |
| 4:27 | Scout Tower |
| 4:38 | Guard Tower |
| 4:43 | Guard Tower |
| 4:56 | Boots of Speed |
| 4:56 | Staff of Teleportation |
| 5:38 | Scout Tower |
| 5:39 | Scout Tower |
| 5:39 | Scout Tower |
| 5:41 | Scout Tower |
| 5:42 | Scout Tower |
| 5:44 | Farm |
| 5:44 | Farm |
| 5:47 | Guard Tower |
| 5:47 | Arcane Tower |
| 5:47 | Guard Tower |
| 5:49 | Arcane Tower |
| 5:51 | Scout Tower |
| 5:51 | Scout Tower |
| 5:52 | Scout Tower |
| 5:52 | Scout Tower |
| 6:19 | Brilliance Aura |
| 6:26 | Guard Tower |
| 6:28 | Castle |
| 6:44 | Healing Salve |
| 7:06 | Guard Tower |
| 7:07 | Scout Tower |
| 7:08 | Scout Tower |
| 7:08 | Scout Tower |
| 7:09 | Scout Tower |
| 7:09 | Scout Tower |
| 7:10 | Scout Tower |
| 7:12 | Advanced Masonry |
| 7:29 | Storm Bolt |
| 8:14 | Town Hall |
| 8:21 | Scout Tower |
| 8:22 | Scout Tower |
| 8:22 | Scout Tower |
| 8:22 | Scout Tower |
| 8:23 | Scout Tower |
| 8:24 | Scout Tower |
| 8:24 | Scout Tower |
| 8:25 | Scout Tower |
| 8:26 | Scout Tower |
| 8:26 | Scout Tower |
| 8:27 | Scout Tower |
| 8:27 | Scout Tower |
| 8:29 | Guard Tower |
| 8:29 | Guard Tower |
| 8:55 | Scout Tower |
| 8:55 | Scout Tower |
| 8:56 | Scout Tower |
| 8:56 | Scout Tower |
| 8:57 | Scout Tower |
| 8:57 | Scout Tower |
| 8:57 | Scout Tower |
| 8:58 | Scout Tower |
| 8:58 | Scout Tower |
| 9:06 | Guard Tower |
| 9:06 | Guard Tower |
| 9:13 | Guard Tower |
| 9:16 | Healing Salve |
| 9:42 | Guard Tower |
| 9:57 | Guard Tower |
| 9:59 | Imbued Masonry |
| 10:03 | Arcane Sanctum |
| 10:05 | Arcane Sanctum |
| 10:08 | Arcane Vault |
| 10:41 | Holy Light |
| 10:48 | Bash |
| 10:56 | Guard Tower |
| 10:59 | Peasant |
| 10:59 | Peasant |
| 10:59 | Peasant |
| 11:00 | Peasant |
| 11:24 | Guard Tower |
| 11:34 | Improved Lumber Harvesting |
| 11:58 | Guard Tower |
| 12:17 | Guard Tower |
| 12:18 | Guard Tower |
| 12:39 | Arcane Vault |
| 12:41 | Arcane Vault |
| 12:42 | Guard Tower |
| 12:42 | Guard Tower |
| 12:43 | Arcane Tower |
| 12:44 | Arcane Tower |
| 12:52 | Staff of Sanctuary |
| 12:54 | Orb of Fire |
| 13:43 | Guard Tower |
| 13:45 | Scout Tower |
| 13:46 | Scout Tower |
| 13:52 | Boots of Speed |
| 13:52 | Staff of Teleportation |
| 13:53 | Periapt of Vitality |
| 14:24 | Magic Sentry |
| 14:25 | Priest |
| 14:41 | Guard Tower |
| 14:41 | Arcane Tower |
| Right click | 1204 |
| Select | 358 |
| Select group | 171 |
| Chat | 141 |
| Build/train/purchase | 95 |
| Use ability | 54 |
| Misc. action | 29 |
| Assign group | 13 |
| Minimap ping | 4 |
| Item give/drop | 1 |



| Orb of Venom | 1 | 325 |
| Staff of Teleportation | 2 | 300 |
| Boots of Speed | 3 | 750 |
| Circlet of Nobility | 3 | 525 |
| Potion of Invisibility | 1 | 100 |
| Staff of Sanctuary | 1 | 250 |
| total: | 11 | 2250g |
| Wisp | 27 | 1620 | / | 0 |
| total: | 27 | 1620g | / | 0w |
| Altar of Elders | 1 | 180 | / | 50 |
| Moon Well | 7 | 1260 | / | 280 |
| Hunter's Hall | 1 | 210 | / | 100 |
| Ancient of Wonders | 1 | 90 | / | 30 |
| Tree of Life | 2 | 680 | / | 370 |
| Ancient of Wind | 1 | 150 | / | 140 |
| Tree of Ages | 1 | 320 | / | 180 |
| Tree of Eternity | 1 | 330 | / | 200 |
| total: | 13 | 2570g | / | 970w |
| 0:26 | Wisp |
| 0:26 | Wisp |
| 0:27 | Altar of Elders |
| 0:28 | Moon Well |
| 0:35 | Wisp |
| 0:40 | Wisp |
| 1:10 | Moon Well |
| 1:13 | Wisp |
| 1:27 | Wisp |
| 1:27 | Wisp |
| 1:49 | Wisp |
| 2:05 | Wisp |
| 2:05 | Wisp |
| 2:23 | Wisp |
| 2:44 | Entangling Roots |
| 3:17 | Wisp |
| 3:17 | Wisp |
| 3:17 | Wisp |
| 3:22 | Moon Well |
| 4:35 | Wisp |
| 4:35 | Wisp |
| 4:35 | Wisp |
| 4:51 | Staff of Teleportation |
| 4:51 | Boots of Speed |
| 5:02 | Circlet of Nobility |
| 5:45 | Tree of Ages |
| 6:27 | Moon Well |
| 6:32 | Moon Well |
| 8:10 | Frost Arrows |
| 8:11 | Thorns Aura |
| 8:20 | Tree of Eternity |
| 8:24 | Hunter's Hall |
| 8:27 | Ancient of Wonders |
| 8:47 | Tree of Life |
| 9:50 | Moon Well |
| 9:56 | Moon Well |
| 9:59 | Ultravision |
| 10:45 | Well Spring |
| 11:25 | Mana Shield |
| 11:41 | Trueshot Aura |
| 11:59 | Orb of Venom |
| 12:13 | Tree of Life |
| 12:23 | Potion of Invisibility |
| 12:28 | Staff of Teleportation |
| 12:28 | Boots of Speed |
| 12:28 | Circlet of Nobility |
| 13:02 | Wisp |
| 13:02 | Wisp |
| 13:03 | Wisp |
| 13:03 | Wisp |
| 13:03 | Wisp |
| 13:10 | Ancient of Wind |
| 14:41 | Wisp |
| 14:42 | Wisp |
| 14:42 | Wisp |
| 14:43 | Wisp |
| 14:43 | Wisp |
| 15:00 | Boots of Speed |
| 15:00 | Circlet of Nobility |
| 15:07 | Staff of Sanctuary |
| 16:06 | Entangling Roots |
| Right click | 877 |
| Select group | 400 |
| Select | 175 |
| Chat | 96 |
| Build/train/purchase | 60 |
| Resource trade | 53 |
| Use ability | 27 |
| Minimap ping | 26 |
| Misc. action | 17 |
| Item give/drop | 7 |
| Assign group | 5 |


| Healing Salve | 2 | 200 |
| Lesser Clarity Potion | 2 | 140 |
| Orb of Lightning | 1 | 375 |
| Boots of Speed | 2 | 500 |
| total: | 7 | 1215g |
| Peon | 15 | 1125 | / | 0 |
| Troll Batrider | 3 | 480 | / | 120 |
| total: | 18 | 1605g | / | 120w |
| Watch Tower | 40 | 4400 | / | 3200 |
| Altar of Storms | 1 | 180 | / | 50 |
| Orc Burrow | 3 | 480 | / | 120 |
| War Mill | 1 | 205 | / | 0 |
| Voodoo Lounge | 4 | 520 | / | 120 |
| Beastiary | 2 | 290 | / | 280 |
| Stronghold | 1 | 315 | / | 190 |
| Fortress | 1 | 325 | / | 190 |
| total: | 51 | 6075g | / | 3770w |
| 0:21 | Peon |
| 0:23 | Altar of Storms |
| 0:28 | Peon |
| 0:38 | Orc Burrow |
| 0:40 | Peon |
| 0:54 | War Mill |
| 0:59 | Peon |
| 1:18 | Peon |
| 1:32 | Voodoo Lounge |
| 1:34 | Peon |
| 1:39 | Peon |
| 1:48 | Peon |
| 2:11 | Watch Tower |
| 2:13 | Peon |
| 2:16 | Watch Tower |
| 2:26 | Shockwave |
| 2:30 | Orc Burrow |
| 2:32 | Peon |
| 2:35 | Healing Salve |
| 2:49 | Voodoo Lounge |
| 3:11 | Watch Tower |
| 3:25 | Peon |
| 3:25 | Peon |
| 3:26 | Peon |
| 3:34 | Watch Tower |
| 3:47 | Watch Tower |
| 3:50 | Peon |
| 4:19 | Peon |
| 4:21 | Watch Tower |
| 4:41 | Watch Tower |
| 4:52 | Voodoo Lounge |
| 4:56 | Stronghold |
| 5:11 | Watch Tower |
| 5:14 | Watch Tower |
| 5:18 | Spiked Barricades |
| 5:44 | Watch Tower |
| 5:57 | Orc Burrow |
| 6:07 | Voodoo Lounge |
| 6:13 | Lesser Clarity Potion |
| 6:23 | Watch Tower |
| 6:25 | Watch Tower |
| 6:36 | Boots of Speed |
| 7:01 | Watch Tower |
| 7:09 | Watch Tower |
| 7:13 | Lesser Clarity Potion |
| 7:16 | Healing Salve |
| 7:27 | Watch Tower |
| 7:31 | Reinforced Defenses |
| 8:14 | Watch Tower |
| 8:52 | Endurance Aura |
| 9:03 | Watch Tower |
| 9:07 | Watch Tower |
| 9:18 | Beastiary |
| 9:20 | Beastiary |
| 9:26 | Fortress |
| 9:36 | Hex |
| 9:53 | Watch Tower |
| 9:56 | Watch Tower |
| 10:11 | Watch Tower |
| 10:12 | Watch Tower |
| 10:55 | Watch Tower |
| 11:04 | Watch Tower |
| 11:07 | Watch Tower |
| 11:18 | Watch Tower |
| 11:19 | Watch Tower |
| 11:45 | Improved Spiked Barricades |
| 11:46 | Steel Ranged Weapons |
| 11:54 | Watch Tower |
| 11:56 | Watch Tower |
| 11:59 | Liquid Fire |
| 12:00 | Troll Batrider |
| 12:23 | Watch Tower |
| 12:25 | Watch Tower |
| 13:04 | Orb of Lightning |
| 13:36 | Boots of Speed |
| 13:44 | Watch Tower |
| 13:46 | Watch Tower |
| 14:04 | Troll Batrider |
| 14:41 | Troll Batrider |
| 14:45 | Watch Tower |
| 14:47 | Watch Tower |
| 14:49 | Watch Tower |
| 14:50 | Watch Tower |
| 15:16 | Healing Wave |
| 15:35 | Thorium Ranged Weapons |
| 16:04 | Watch Tower |
| 16:09 | Watch Tower |
| 16:12 | Watch Tower |
| Right click | 1020 |
| Select | 269 |
| Select group | 154 |
| Build/train/purchase | 49 |
| Misc. action | 33 |
| Use ability | 21 |
| Chat | 21 |
| Assign group | 7 |
| Minimap ping | 2 |
| Item give/drop | 1 |
| Remove unit | 1 |



| Orb of Corruption | 2 | 750 |
| Boots of Speed | 1 | 250 |
| Scroll of Speed | 1 | 50 |
| Healing Salve | 1 | 100 |
| total: | 5 | 1150g |
| Acolyte | 3 | 225 | / | 0 |
| Ghoul | 4 | 480 | / | 0 |
| total: | 7 | 705g | / | 0w |
| Nerubian Tower | 2 | 200 | / | 40 |
| Altar of Darkness | 1 | 180 | / | 50 |
| Ziggurat | 2 | 300 | / | 100 |
| Crypt | 1 | 200 | / | 50 |
| Tomb of Relics | 1 | 130 | / | 30 |
| Graveyard | 1 | 215 | / | 0 |
| Halls of the Dead | 2 | 640 | / | 420 |
| Black Citadel | 1 | 325 | / | 230 |
| total: | 6 | 1025g | / | 230w |
| 0:01 | Acolyte |
| 0:26 | Altar of Darkness |
| 0:30 | Ziggurat |
| 0:31 | Acolyte |
| 0:42 | Acolyte |
| 1:27 | Crypt |
| 1:40 | Nerubian Tower |
| 2:11 | Tomb of Relics |
| 2:26 | Death Coil |
| 2:29 | Ghoul |
| 2:29 | Ghoul |
| 3:19 | Ghoul |
| 3:19 | Ghoul |
| 5:06 | Halls of the Dead |
| 5:45 | Boots of Speed |
| 7:11 | Graveyard |
| 7:48 | Ziggurat |
| 7:49 | Black Citadel |
| 8:05 | Unholy Aura |
| 8:25 | Scroll of Speed |
| 8:25 | Healing Salve |
| 10:17 | Orb of Corruption |
| 10:29 | Impale |
| 11:01 | Blizzard |
| 11:48 | Sleep |
| 12:00 | Death Coil |
| 15:59 | Orb of Corruption |
| 16:10 | Spiked Carapace |
| Right click | 1021 |
| Select group | 343 |
| Assign group | 342 |
| Select | 134 |
| Resource trade | 84 |
| Chat | 43 |
| Use ability | 36 |
| Build/train/purchase | 31 |
| Misc. action | 8 |
| Minimap ping | 3 |
| Item give/drop | 2 |
| Remove unit | 1 |
⇛